TOP OF THE 1ST |
Indiana Hounds batting - Pitching for Detroit X-Wings : RHP Jeremias Pereirinha
|
Pitching: RHP Jeremias Pereirinha
|
|
Batting: RHB Henry Haines
|
0-0: Ball 1-0: Called Strike 1-1: Ball 2-1: Ball 3-1: Base on Balls
|
Batting: LHB Manny Hernández
|
0-0: Ball 1-0: Ball 2-0: Swinging Strike 2-1: Grounds into double play, 6-4-3 (Groundball, 6)
|
Batting: RHB Juan Jose Guevana
|
0-0: Ball 1-0: Ball 2-0: Ground out 5-3 (Groundball, 5)
|
Top of the 1st over - 0 runs, 0 hits, 0 errors, 0 left on base; Indiana 0 - Detroit 0 |
BOTTOM OF THE 1ST |
Detroit X-Wings batting - Pitching for Indiana Hounds : RHP Juan Baca
|
Pitching: RHP Juan Baca
|
|
Batting: SHB Jason Mason
|
0-0: Swinging Strike 0-1: Ball 1-1: Foul Ball, location: 2F 1-2: Strikes out looking
|
Batting: RHB José Pérez
|
0-0: Called Strike 0-1: Ground out 6-3 (Groundball, 6)
|
Batting: LHB Juan Jose Pineda
|
0-0: Called Strike 0-1: Called Strike 0-2: SINGLE (Line Drive, 7S)
|
Batting: SHB Barrett Bowden
|
0-0: Called Strike 0-1: Ball 1-1: Called Strike 1-2: Strikes out looking
|
Bottom of the 1st over - 0 runs, 1 hit, 0 errors, 1 left on base; Indiana 0 - Detroit 0 |
TOP OF THE 2ND |
Indiana Hounds batting - Pitching for Detroit X-Wings : RHP Jeremias Pereirinha
|
Batting: RHB Octávio Zúñiga
|
0-0: Swinging Strike 0-1: Called Strike 0-2: Ball 1-2: Foul Ball, location: 2F 1-2: Foul Ball, location: 2F 1-2: Ball 2-2: Fly out, F6 (Popup, 6D)
|
Batting: RHB Víctor Márquez
|
0-0: Ball 1-0: Called Strike 1-1: Ball 2-1: Ball 3-1: Base on Balls
|
Batting: RHB Remi Eruzione
|
0-0: Ball 1-0: Ball 2-0: Called Strike 2-1: Foul Ball, location: 2F 2-2: Foul Ball, location: 2F 2-2: Fielders Choice at 2nd, 4-6 (Groundball, 4M)
|
Batting: LHB T.J. Richardson
|
0-0: Ball 1-0: Ball 2-0: Ball 3-0: Called Strike 3-1: Fly out, F1 (Popup, 15)
|
Top of the 2nd over - 0 runs, 0 hits, 0 errors, 1 left on base; Indiana 0 - Detroit 0 |
BOTTOM OF THE 2ND |
Detroit X-Wings batting - Pitching for Indiana Hounds : RHP Juan Baca
|
Batting: LHB Curt Walker
|
0-0: Ball 1-0: Ball 2-0: Ball 3-0: Base on Balls
|
Batting: SHB Felipe Detorres
|
0-0: Ball 1-0: Ball 2-0: Foul Ball, location: 2F 2-1: Foul Ball, location: 2F 2-2: Strikes out swinging
|
Batting: LHB Paul Alston
|
0-0: Swinging Strike 0-1: Foul Ball, location: 2F 0-2: Grounds into double play, 4-6-3 (Groundball, 4)
|
Bottom of the 2nd over - 0 runs, 0 hits, 0 errors, 0 left on base; Indiana 0 - Detroit 0 |
TOP OF THE 3RD |
Indiana Hounds batting - Pitching for Detroit X-Wings : RHP Jeremias Pereirinha
|
Batting: RHB Anastasio Movonda
|
0-0: Ball 1-0: Ball 2-0: Ball 3-0: Called Strike 3-1: Called Strike 3-2: Base on Balls
|
Batting: RHB Júlio Contreras
|
0-0: Foul Ball, location: 2F 0-1: Ball 1-1: Ball 2-1: Called Strike 2-2: SINGLE (Groundball, 5D) Anastasio Movonda to second
|
Batting: RHB Henry Haines
|
0-0: Called Strike 0-1: Ball 1-1: Foul Ball, location: 2F 1-2: Ball 2-2: Ball 3-2: Foul Ball, location: 2F 3-2: SINGLE (Groundball, 6MD) Anastasio Movonda to third Júlio Contreras to second
|
Batting: LHB Manny Hernández
|
0-0: Foul Ball, location: 2F 0-1: SINGLE (Groundball, 56D) Anastasio Movonda scores Júlio Contreras to third Henry Haines to second Runner from 3rd tries for Home, SAFE, throw made home
|
Batting: RHB Juan Jose Guevana
|
0-0: Called Strike 0-1: Ball 1-1: Called Strike 1-2: Strikes out swinging
|
Batting: RHB Octávio Zúñiga
|
0-0: Foul Ball, location: 2F 0-1: Swinging Strike 0-2: Ball 1-2: Grounds into double play, 6-4-3 (Groundball, 6D)
|
Top of the 3rd over - 2 runs, 3 hits, 0 errors, 1 left on base; Indiana 2 - Detroit 0 |
BOTTOM OF THE 3RD |
Detroit X-Wings batting - Pitching for Indiana Hounds : RHP Juan Baca
|
Batting: RHB Donato Gozende
|
0-0: Called Strike 0-1: Ball 1-1: Swinging Strike 1-2: SINGLE (Line Drive, 9S)
|
Batting: RHB Daniel Riddle
|
0-0: Grounds into double play, 6-4-3 (Groundball, 6)
|
Batting: SHB Jason Mason
|
0-0: Ball 1-0: Called Strike 1-1: Ball 2-1: Foul Ball, location: 2F 2-2: Strikes out swinging
|
Bottom of the 3rd over - 0 runs, 1 hit, 0 errors, 0 left on base; Indiana 2 - Detroit 0 |
TOP OF THE 4TH |
Indiana Hounds batting - Pitching for Detroit X-Wings : RHP Jeremias Pereirinha
|
Batting: RHB Víctor Márquez
|
0-0: Ground out 6-3 (Groundball, 6)
|
Batting: RHB Remi Eruzione
|
0-0: Called Strike 0-1: Ball 1-1: Ball 2-1: SINGLE (Groundball, 4) (infield hit)
|
Batting: LHB T.J. Richardson
|
0-0: Ball 1-0: Called Strike 1-1: Foul Ball, location: 2F 1-2: Fly out, F7 (Flyball, 7LM)
|
Batting: RHB Anastasio Movonda
|
0-0: Ball 1-0: Called Strike 1-1: DOUBLE (Groundball, 5L) Remi Eruzione to third
|
Batting: RHB Júlio Contreras
|
0-0: Ball 1-0: Called Strike 1-1: Ball 2-1: Foul Ball, location: 2F 2-2: Ball 3-2: Hit by Pitch
|
Batting: RHB Henry Haines
|
0-0: Called Strike 0-1: Swinging Strike 0-2: Strikes out looking
|
Top of the 4th over - 0 runs, 2 hits, 0 errors, 3 left on base; Indiana 2 - Detroit 0 |
BOTTOM OF THE 4TH |
Detroit X-Wings batting - Pitching for Indiana Hounds : RHP Juan Baca
|
Batting: RHB José Pérez
|
0-0: Fly out, F8 (Flyball, 78M)
|
Batting: LHB Juan Jose Pineda
|
0-0: Called Strike 0-1: Fly out, F9 (Flyball, 89M)
|
Batting: SHB Barrett Bowden
|
0-0: Called Strike 0-1: Foul Ball, location: 2F 0-2: Strikes out swinging
|
Bottom of the 4th over - 0 runs, 0 hits, 0 errors, 0 left on base; Indiana 2 - Detroit 0 |
TOP OF THE 5TH |
Indiana Hounds batting - Pitching for Detroit X-Wings : RHP Jeremias Pereirinha
|
Batting: LHB Manny Hernández
|
0-0: Ball 1-0: Called Strike 1-1: Ball 2-1: Ground out 1-3 (Groundball, 15)
|
Batting: RHB Juan Jose Guevana
|
0-0: Called Strike 0-1: Foul Ball, location: 2F 0-2: Ball 1-2: Foul Ball, location: 2F 1-2: Ball 2-2: Ball 3-2: Base on Balls
|
Batting: RHB Octávio Zúñiga
|
0-0: Called Strike 0-1: Ball 1-1: Foul Ball, location: 2F 1-2: Ball 2-2: Fly out, F8 (Flyball, 78D)
|
Batting: RHB Víctor Márquez
|
0-0: Ball 1-0: Foul Ball, location: 2F 1-1: Swinging Strike 1-2: Ball 2-2: Foul Ball, location: 2F 2-2: Ball 3-2: Fly out, F4 (Popup, 4D)
|
Top of the 5th over - 0 runs, 0 hits, 0 errors, 1 left on base; Indiana 2 - Detroit 0 |
BOTTOM OF THE 5TH |
Detroit X-Wings batting - Pitching for Indiana Hounds : RHP Juan Baca
|
Batting: LHB Curt Walker
|
0-0: Ball 1-0: Foul Ball, location: 2F 1-1: Foul Ball, location: 2F 1-2: Ground out 4-3 (Groundball, 4)
|
Batting: SHB Felipe Detorres
|
0-0: Ball 1-0: Ground out 4-3 (Groundball, 4)
|
Batting: LHB Paul Alston
|
0-0: Called Strike 0-1: Foul Ball, location: 2F 0-2: Foul Ball, location: 2F 0-2: Ball 1-2: Ball 2-2: Ball 3-2: Foul Ball, location: 2F 3-2: Foul Ball, location: 2F 3-2: Ground out 6-3 (Groundball, 6)
|
Bottom of the 5th over - 0 runs, 0 hits, 0 errors, 0 left on base; Indiana 2 - Detroit 0 |
TOP OF THE 6TH |
Indiana Hounds batting - Pitching for Detroit X-Wings : RHP Jeremias Pereirinha
|
Pitching: LHP Richard Dorris
|
|
Batting: RHB Remi Eruzione
|
0-0: Ball 1-0: Swinging Strike 1-1: Ground out 6-3 (Groundball, 6M)
|
Batting: LHB T.J. Richardson
|
0-0: Fly out, F9 (Flyball, 9LD)
|
Batting: RHB Anastasio Movonda
|
0-0: Called Strike 0-1: Swinging Strike 0-2: Strikes out swinging
|
Top of the 6th over - 0 runs, 0 hits, 0 errors, 0 left on base; Indiana 2 - Detroit 0 |
BOTTOM OF THE 6TH |
Detroit X-Wings batting - Pitching for Indiana Hounds : RHP Juan Baca
|
Batting: RHB Donato Gozende
|
0-0: Called Strike 0-1: Ball 1-1: Foul Ball, location: 2F 1-2: Ball 2-2: Ball 3-2: Base on Balls
|
Batting: RHB Daniel Riddle
|
0-0: Fly out, F7 (Flyball, 78D)
|
Batting: SHB Jason Mason
|
0-0: Ball 1-0: Fly out, F9 (Flyball, 89D)
|
Batting: RHB José Pérez
|
0-0: Called Strike 0-1: Fielders Choice at 2nd, 6-4 (Groundball, 56)
|
Bottom of the 6th over - 0 runs, 0 hits, 0 errors, 1 left on base; Indiana 2 - Detroit 0 |
TOP OF THE 7TH |
Indiana Hounds batting - Pitching for Detroit X-Wings : LHP Richard Dorris
|
Batting: RHB Júlio Contreras
|
0-0: SINGLE (Groundball, 25) (infield hit)
|
Batting: RHB Henry Haines
|
0-0: Ball 1-0: Called Strike 1-1: Foul Ball, location: 2F 1-2: Foul Ball, location: 2F 1-2: Ball 2-2: Foul Ball, location: 2F 2-2: Ball 3-2: Foul Ball, location: 2F 3-2: Base on Balls Júlio Contreras to second
|
Batting: LHB Manny Hernández
|
0-0: Ball 1-0: Called Strike 1-1: Swinging Strike 1-2: Ball 2-2: Grounds into double play, 6-4-3 (Groundball, 6) Júlio Contreras to third
|
Batting: RHB Juan Jose Guevana
|
0-0: Ball 1-0: Foul Ball, location: 2F 1-1: Swinging Strike 1-2: Strikes out swinging
|
Top of the 7th over - 0 runs, 1 hit, 0 errors, 1 left on base; Indiana 2 - Detroit 0 |
BOTTOM OF THE 7TH |
Detroit X-Wings batting - Pitching for Indiana Hounds : RHP Juan Baca
|
Batting: LHB Juan Jose Pineda
|
0-0: Foul Ball, location: 2F 0-1: Foul Ball, location: 2F 0-2: Ball 1-2: Ball 2-2: Strikes out looking
|
Batting: SHB Barrett Bowden
|
0-0: Ball 1-0: Foul Ball, location: 2F 1-1: Ball 2-1: Foul Ball, location: 2F 2-2: Foul Ball, location: 2F 2-2: Ball 3-2: Base on Balls
|
Batting: LHB Curt Walker
|
0-0: Ball Pickoff Throw to First - Error! E1 Barrett Bowden to second 1-0: Ball 2-0: Called Strike 2-1: Ball 3-1: SINGLE (Line Drive, 78S) Barrett Bowden to third Runner from 3rd tries for Home, SAFE, no throw
|
Batting: SHB Felipe Detorres
|
0-0: Called Strike 0-1: Ball Curt Walker steals 2nd base 1-1: Foul Ball, location: 2F 1-2: Fly out, F8 (Flyball, 8RXD) Runner from 2nd tags up, SAFE at 3rd, no throw
|
Batting: LHB Paul Alston
|
0-0: Ball 1-0: SINGLE (Line Drive, 6MD) Curt Walker scores
|
Pinch Hitting: LHB Chris Loudermilk
|
0-0: Ball 1-0: Ball 2-0: Ball 3-0: Base on Balls Paul Alston to second
|
Batting: RHB Daniel Riddle
|
0-0: Called Strike Pickoff Throw to Second - Error! E1 Paul Alston to third Chris Loudermilk to second 0-1: Ball 1-1: Foul Ball, location: 2F 1-2: Ball 2-2: SINGLE (Flyball, 89M) Paul Alston scores Chris Loudermilk to third Runner from 3rd tries for Home, SAFE, no throw
|
Batting: SHB Jason Mason
|
0-0: Called Strike 0-1: Ball 1-1: Ball 2-1: Ball 3-1: Foul Ball, location: 2F 3-2: Foul Ball, location: 2F 3-2: Ground out 6-3 (Groundball, 6M)
|
Bottom of the 7th over - 4 runs, 3 hits, 2 errors, 1 left on base; Indiana 2 - Detroit 4 |
TOP OF THE 8TH |
Indiana Hounds batting - Pitching for Detroit X-Wings : LHP Richard Dorris
|
Now in CF: Leslie Adams
|
|
Batting: RHB Octávio Zúñiga
|
0-0: Fly out, F7 (Flyball, 7LS)
|
Batting: RHB Víctor Márquez
|
0-0: Ball 1-0: Swinging Strike 1-1: Ground out 5-3 (Groundball, 5S)
|
Batting: RHB Remi Eruzione
|
0-0: Foul Ball, location: 2F 0-1: Called Strike 0-2: Foul Ball, location: 2F 0-2: SOLO HOME RUN (Flyball, 89XD), Distance : 391 ft
|
Batting: LHB T.J. Richardson
|
0-0: Hit by Pitch
|
Batting: RHB Anastasio Movonda
|
0-0: Ball 1-0: Fly out, F5 (Line Drive, 5S)
|
Top of the 8th over - 1 run, 1 hit, 0 errors, 1 left on base; Indiana 3 - Detroit 4 |
BOTTOM OF THE 8TH |
Detroit X-Wings batting - Pitching for Indiana Hounds : RHP Juan Baca
|
Pitching: LHP Ricardo Vargas
|
|
Batting: RHB José Pérez
|
0-0: Ball 1-0: Ball 2-0: Ground out 6-3 (Groundball, 6D)
|
Batting: LHB Juan Jose Pineda
|
0-0: Called Strike 0-1: SINGLE (Flyball, 89S)
|
Batting: SHB Barrett Bowden
|
0-0: Called Strike 0-1: Ball 1-1: SINGLE (Groundball, 6MD) Juan Jose Pineda to second
|
Pinch Hitting: RHB Enrique Aguilar
|
0-0: Called Strike 0-1: Ball 1-1: DOUBLE (Flyball, 8RXD) Juan Jose Pineda scores Barrett Bowden to third
|
Batting: SHB Felipe Detorres
|
0-0: Intentional Walk
|
Batting: LHB Paul Alston
|
0-0: Ball 1-0: Foul Ball, location: 2F 1-1: Foul Ball, location: 2F 1-2: Foul Ball, location: 2F 1-2: Ball 2-2: Foul Ball, location: 2F 2-2: SINGLE (Groundball, 34D) Barrett Bowden scores Enrique Aguilar to third Felipe Detorres to second
|
Pinch Hitting: RHB Alfredo Villegas
|
0-0: Ball 1-0: Foul Ball, location: 2F 1-1: Called Strike 1-2: Grounds into fielders choice 4-2 (Groundball, 4) Felipe Detorres to third Paul Alston to second
|
Batting: RHB Daniel Riddle
|
0-0: Foul Ball, location: 2F 0-1: Ball 1-1: Ball 2-1: Swinging Strike 2-2: Strikes out looking
|
Bottom of the 8th over - 2 runs, 4 hits, 0 errors, 3 left on base; Indiana 3 - Detroit 6 |
TOP OF THE 9TH |
Indiana Hounds batting - Pitching for Detroit X-Wings : LHP Richard Dorris
|
Pitching: RHP Domingo Rodríguez
|
|
Now at 3B: Alfredo Villegas
|
|
Now in LF: Enrique Aguilar
|
|
Batting: RHB Júlio Contreras
|
0-0: Called Strike 0-1: Called Strike 0-2: Strikes out looking
|
Batting: RHB Henry Haines
|
0-0: Called Strike 0-1: Ball 1-1: Foul Ball, location: 2F 1-2: Ball 2-2: Strikes out looking
|
Batting: LHB Manny Hernández
|
0-0: Foul Ball, location: 2F 0-1: Foul Ball, location: 2F 0-2: Strikes out looking
|
Top of the 9th over - 0 runs, 0 hits, 0 errors, 0 left on base; Indiana 3 - Detroit 6 |
|